 Seeded DCSS version 0.27-a0-1193-g8631133539 (webtiles) character file.

Game seed: 13914059042498094423 (custom seed)

122 karrick the Sneak (level 4, 0/27 HPs)
             Began as a Vampire Enchanter on May 27, 2021.
             Was an Initiate of Sif Muna.
             Slain by an ufetubus (4 damage)
             ... in the Ecumenical Temple.
             The game lasted 00:08:41 (3226 turns).

karrick the Sneak (Vampire Enchanter)               Turns: 3226, Time: 00:08:42

Health: 0/27       AC:  2    Str:  8    XL:     4   Next: 78%
Magic:  0/7        EV: 12    Int: 17    God:    Sif Muna [......]
Gold:   115        SH:  0    Dex: 14    Spells: 0/7 levels left

rFire    . . .     SeeInvis +   c - +1 dagger (freeze)
rCold    . . .     Faith    .   (no shield)
rNeg     . . .     Spirit   .   b - +0 robe
rPois    .         Reflect  .   (no helmet)
rElec    .         Harm     .   (no cloak)
rCorr    .         Rampage  .   (no gloves)
Will     .....                  (no boots)
Stlth    +++.......             (no amulet)
HPRegen  0.29/turn              (no ring)
MPRegen  0.10/turn              (no ring)

@: confusing by touch, healing quickly
A: alive, fangs 3, see invisible, vampiric 2, [frail 1]
a: Exsanguinate, Renounce Religion


You were in the Ecumenical Temple.
You worshipped Sif Muna.
Sif Muna was noncommittal.
You visited 2 branches of the dungeon, and saw 6 of its levels.

You collected 115 gold pieces.

Inventory:

Hand Weapons
 c - a +1 dagger of freezing (weapon)
Armour
 b - a +0 robe (worn)
Scrolls
 e - 3 scrolls of teleportation {unknown}
 h - 2 scrolls of fear {unknown}
 k - a scroll of noise {unknown}
Potions
 a - a potion of curing {unknown}
 d - a potion of attraction {unknown}
 f - a potion of resistance {unknown}
 g - a potion of mutation {unknown}
 i - a potion of cancellation {unknown}
 j - a potion of magic {unknown}


   Skills:
 + Level 0.2 Fighting
 + Level 1.6 Short Blades
 + Level 2.5 Dodging
 * Level 6.8 Stealth
 + Level 2.2 Spellcasting
 * Level 5.6 Hexes


You couldn't memorise any spells.
You knew the following spells:

 Your Spells              Type           Power      Damage    Failure   Level
a - Corona                Hex            22%        N/A       1%          1
b - Confusing Touch       Hex            20%        N/A       5%          3
c - Tukima's Dance        Hex            20%        N/A       5%          3

Your spell library contained the following spells:

 Spells                   Type           Power      Damage    Failure   Level
 Ensorcelled Hibernation  Hex/Ice        22%        N/A       9%          2
 Magic Dart               Conj           4%         1d3       19%         1
 Dazzling Flash           Conj/Hex       22%        N/A       19%         3
 Searing Ray              Conj           2%         3d3       28%         2
 Gell's Gravitas          Tloc           0%         N/A       50%         3
 Fulminant Prism          Conj/Hex       5%         3d7       52%         4
 Metabolic Englaciation   Hex/Ice        5%         N/A       86%         5
 Yara's Violent Unravell  Hex/Tmut       5%         3d4       86%         5
 Iskenderun's Mystic Bla  Conj/Tloc      1%         2d3       88%         4
 Petrify                  Tmut/Erth      1%         N/A       88%         4


Dungeon Overview and Level Annotations

Branches:
Dungeon (5/15)             Temple (1/1) D:5

Altars:
Cheibriados
Dithmenos
Elyvilon
Gozag
Hepliaklqana
Nemelex Xobeh
Okawaru
Qazlal
Ru
Sif Muna
Trog
Uskayaw
Vehumet
Wu Jian
Xom
Yredelemnul
Zin
The Shining One
Beogh

Shops:
D:4 [

Annotations:
D:3 3 runed translucent doors, bande's ghost, amateur GrFi
D:4 Dowan


Innate Abilities, Weirdness & Mutations

Your natural rate of healing is accelerated.
You have razor-sharp teeth.
You have supernaturally acute eyesight. (SInv)
You are afflicted with vampirism and can become a bat while bloodless.
[You are frail. (-10% HP)]


Message History

[Y]es or [N]o only, please.
The spell is quite dangerous to cast (5% risk of failure)!
Continue anyway?
Your hands begin to glow red.
The centaur zombie hits you.
The centaur zombie kicks you but does no damage.
You hit the centaur zombie but do no damage.
The centaur zombie appears confused.
The centaur zombie is moderately damaged.
The ufetubus seems less confused.
You hit the centaur zombie.
You bite the centaur zombie, but do no damage.
The centaur zombie is heavily damaged.
The centaur zombie barely misses you. x2; The ufetubus hits you.
The ufetubus barely misses you.
You hit the centaur zombie.
The centaur zombie is heavily damaged.
The centaur zombie hits you.
The centaur zombie kicks you but does no damage.
The ufetubus completely misses you. The ufetubus barely misses you.
The centaur zombie barely misses you. x2
The ufetubus barely misses you. The ufetubus closely misses you.
The ufetubus barely misses you. The ufetubus completely misses you.
There is a staircase to the Ecumenical Temple here.
You can't go up here!
The ufetubus barely misses you. The ufetubus misses you. The ufetubus hits you.
The ufetubus closely misses you.
You climb downwards.
Welcome back to the Ecumenical Temple!
There is a staircase back to the Dungeon here.
Casting: Confusing Touch (quite dangerous; 5% risk of failure)
Confirm with . or Enter, or press ? or * to list all spells.
The spell is quite dangerous to cast (5% risk of failure)!
Continue anyway? [Y]es or [N]o only, please.
The spell is quite dangerous to cast (5% risk of failure)!
Continue anyway? [Y]es or [N]o only, please.
The spell is quite dangerous to cast (5% risk of failure)!
Continue anyway?
Your hands begin to glow red.
The ufetubus hits you. x2
* * * LOW HITPOINT WARNING * * *
You miss the ufetubus. The ufetubus hits you.
* * * LOW HITPOINT WARNING * * *
The ufetubus hits you.
You die...

...._...#.......#####
#.......#...........###
.....8...#............###
._....._.......###......### ##
...8.....#...##...##......####...
#.......#...#.......#............
#..._.......#.......#............
.##...#.#..#.........#...........
...#.#.....#...5@....#.....#.#...
...........#.........#..#.#...##.
............#.......#......._...#
............#.......#...#.......#
...####......##...##...#.....8...
.### ###......###......._....._.
## ###............#...8.....
###...........#.......#
#####.......#..._....


You could see an ufetubus.

Vanquished Creatures
  A jelly (D:5)
  An adder (D:3)
  3 worms (D:2)
  2 dart slugs
  5 bats
  4 endoplasms
  4 giant cockroaches (D:1)
  5 goblins
  5 hobgoblins
  6 jackals
  4 quokkas
  3 ball pythons
  4 frilled lizards
  6 kobolds
  18 rats
71 creatures vanquished.

Notes
Turn   | Place    | Note
-------+----------+-------------------------------------------
     0 | D:1      | karrick the Vampire Enchanter began the quest for the Orb.
     0 | D:1      | Reached XP level 1. HP: 13/13 MP: 3/3
   113 | D:1      | Found a faded altar of an unknown god.
   253 | D:1      | Reached XP level 2. HP: 19/19 MP: 5/5
   394 | D:1      | Reached skill level 5 in Hexes
   550 | D:1      | Reached skill level 5 in Stealth
   822 | D:2      | Gained mutation: You are afflicted with vampirism and can
                  | become a bat while bloodless. [Vampire growth]
   822 | D:2      | Reached XP level 3. HP: 10/19 MP: 6/6
  1033 | D:2      | Found a shadowy altar of Dithmenos.
  1490 | D:2      | Learned a level 3 spell: Confusing Touch
  1846 | D:3      | Reached skill level 6 in Stealth
  1934 | D:3      | Reached XP level 4. HP: 27/27 MP: 7/7
  2148 | D:3      | Found a runed translucent gate.
  2630 | D:3      | Noticed bande's ghost (amateur GrFi)
  2633 | D:3      | Found a runed translucent gate.
  2633 | D:3      | Found a runed translucent gate.
  2633 | D:3      | Identified the +5 whip of the People {flame, rF+ rC++
                  | Int+3}
  2633 | D:3      | Identified the +4 scale mail "Toyxac Tasil" {rElec rPois
                  | rF- rC+++ Dex-5}
  2720 | D:4      | Found an ornate altar of the Wu Jian Council.
  2720 | D:4      | Found a shadowy altar of Dithmenos.
  2721 | D:4      | Found Jiwk's Armour Emporium.
  2835 | D:4      | Learned a level 3 spell: Tukima's Dance
  2848 | D:4      | Noticed Dowan
  2961 | D:5      | Entered Level 5 of the Dungeon
  2985 | D:5      | Found a staircase to the Ecumenical Temple.
  2994 | Temple   | Entered the Ecumenical Temple
  3156 | Temple   | Became a worshipper of Sif Muna the Loreminder
  3226 | Temple   | Slain by an ufetubus

Illustrated notes

Levels and vault maps discovered:
D:1:      dpeg_arrival_castle, layout_basic, chequers_ecumenical_altar_simple
D:2:      layout_rooms, basic_altar, minmay_rat_gold_closets
D:3:      layout_basic, biasface_ghost_orc_armoury
D:4:      layout_cave_pools, grunt_temple_overflow_open, jmf_multi_god_temple2,
          makhleb_heckhound_becter, serial_shops, nicolae_shop_waterfront,
          uniq_duvessa
D:5:      layout_layer_cave, minmay_temple_entry_waves, uniq_grinder,
          uniq_edmund
Temple:   regret_index_temple_sphere_string

Skill      XL: |  1  2  3 |
---------------+----------+-----
Hexes          | 5 |  5.6
Stealth        | 5 6 |  6.8
Fighting       | |  0.2
Short Blades   | |  1.6
Dodging        | |  2.5
Spellcasting   | |  2.2

Action                   |  1- 3 |  4- 6 || total
-------------------------+-------+-------++-------
Melee: Dagger            |   170 |    57 ||   227
       Bite              |    11 |     6 ||    17
 Cast: Corona            |     5 |       ||     5
       Confusing Touch   |       |     4 ||     4
 Abil: Exsanguinate      |     1 |       ||     1
       Revivify          |     1 |       ||     1
 Stab: Sleeping          |    21 |     7 ||    28
       Distracted        |     1 |       ||     1
Armor: Robe              |    35 |    24 ||    59
Dodge: Dodged            |    89 |    68 ||   157

Table legend: (Time is in decaauts)
 A = Elapsed time spent in this place.
 B = Non-inter-level travel time spent in this place.
 C = Inter-level travel time spent in this place.
 D = Time resting spent in this place.
 E = Time spent auto-exploring this place.
 F = Levels seen in this place.
 G = Mean time per level.
                   A        B        C        D        E       F      G
               +--------+--------+--------+--------+--------+-----+--------+
         Total |   3218 |   3091 |    127 |      0 |   2360 |   6 |  536.3 |
       Dungeon |   3036 |   2924 |    112 |      0 |   2242 |   5 |  607.2 |
        Temple |    181 |    166 |     15 |      0 |    118 |   1 |  181.0 |
               +--------+--------+--------+--------+--------+-----+--------+

Top non-repeatable levels by time:
     D:3: 1184 daAuts
     D:1: 848 daAuts
     D:2: 679 daAuts
     D:4: 239 daAuts
  Temple: 181 daAuts
     D:5: 84 daAuts
